 Dungeon Crawl Stone Soup version 0.24.0-123-gd5b16e6ec5 (webtiles) character file.

Game seed: 10136688619038479766, levelgen mode: deterministic

2223 DavidChitty2 the Cleaver (level 9, -1/79 HPs)
             Began as a Minotaur Fighter on Dec 16, 2019.
             Slain by a killer bee (6 damage)
             ... on level 7 of the Dungeon.
             The game lasted 00:07:23 (6443 turns).

DavidChitty2 the Cleaver (Minotaur Fighter)         Turns: 6443, Time: 00:07:23

Health: -1/79      AC: 18    Str: 23    XL:     9   Next: 13%
Magic:  8/8        EV:  5    Int:  5    God:
Gold:   236        SH: 11    Dex: 11    Spells: 8/8 levels left

rFire    . . .     SeeInvis .   a - +1 war axe
rCold    . . .     Gourm    .   v - +0 shield
rNeg     . . .     Faith    .   B - +0 plate armour
rPois    .         Spirit   .   (helmet restricted)
rElec    .         Reflect  .   y - +0 cloak
rCorr    .         Harm     .   p - +0 pair of gloves
MR       .....                  x - +1 pair of boots {Fly}
Stlth    ..........             (no amulet)
HPRegen  0.23/turn              (no ring)
MPRegen  0.11/turn              (no ring)

@: flying
A: retaliatory headbutt, horns 2
a: Stop Flying


You were on level 7 of the Dungeon.
You were very hungry.

You visited 2 branches of the dungeon, and saw 8 of its levels.

You collected 408 gold pieces.
You spent 172 gold pieces at shops.

Inventory:

Hand Weapons
 a - a +1 war axe (weapon)
Armour
 p - a +0 pair of gloves (worn)
   (You found it on level 5 of the Dungeon)
 v - a +0 shield (worn)
 x - a +1 pair of boots of flying (worn)
   (You bought it in a shop on level 4 of the Dungeon)
 y - a +0 cloak (worn)
   (You found it on level 5 of the Dungeon)
 B - a +0 plate armour (worn)
   (You found it on level 6 of the Dungeon)
Wands
 b - a wand of clouds (5)
   (You found it on level 4 of the Dungeon)
 c - a wand of disintegration (8)
   (You found it on level 6 of the Dungeon)
 d - a wand of iceblast (20)
   (You found it on level 3 of the Dungeon)
 t - a wand of flame (16)
   (You found it on level 6 of the Dungeon)
 u - a wand of polymorph (10)
   (You found it on level 7 of the Dungeon)
Scrolls
 f - 2 scrolls of magic mapping
 i - a scroll of fog
 j - 3 scrolls of remove curse {@r2}
 m - 5 scrolls of teleportation {@r4}
Potions
 g - a potion of might
 h - 2 potions of degeneration {unknown}
 k - 2 potions of mutation {!q}
 l - 3 potions of brilliance {unknown}
 n - 3 potions of curing {@q1}
 o - 3 potions of lignification {!q}
 q - a potion of magic
 r - a potion of cancellation {unknown}
 s - 2 potions of agility
 A - a potion of berserk rage
 D - a potion of haste {unknown}
Comestibles
 e - 4 rations {!d}


   Skills:
 + Level 7.4 Fighting
 * Level 9.5 Axes
 + Level 7.4 Armour
 + Level 7.4 Shields


You had 8 spell levels left.
You didn't know any spells.
Your spell library contained the following spells:

 Spells                   Type           Power        Failure   Level  Hunger
 Confusing Touch          Hex            #.....       100%        1    ##.....
 Confuse                  Hex            #.......     100%        3    ####...
 Gell's Gravitas          Tloc           #.........   100%        3    ####...
 Petrify                  Tmut/Erth      #.......     100%        4    #####..
 Metabolic Englaciation   Hex/Ice        #.........   100%        5    ######.
 Yara's Violent Unravell  Hex/Tmut       #.........   100%        5    ######.


Dungeon Overview and Level Annotations

Branches:
Dungeon (7/15)             Temple (1/1) D:6

Altars:
Ashenzari
Dithmenos
Elyvilon
Fedhas
Hepliaklqana
Kikubaaqudgha
Makhleb
Nemelex Xobeh
Qazlal
Ru
Trog
Uskayaw
Vehumet
Wu Jian
Xom
Yredelemnul
Zin
The Shining One

Shops:
D:4 [


Innate Abilities, Weirdness & Mutations

You reflexively headbutt those who attack you in melee.
You have a pair of horns on your head.


Message History

You feel sick. The killer bee stings you.
* * * LOW HITPOINT WARNING * * *
You are more poisoned.
The killer bee poisons you! You block the killer bee's attack.
The killer bee stings you but does no damage.
The killer bee stings you.
* * * LOW HITPOINT WARNING * * *
You are more poisoned.
The killer bee poisons you!
Your shield and plate armour prevent you from hitting the killer bee.
You hit the killer bee.
You feel sick. The killer bee barely misses you. You furiously retaliate!
You headbutt the killer bee.
You kill the killer bee!
The killer bee stings you but does no damage. x2
The killer bee stings you!
* * * LOW HITPOINT WARNING * * *
It was a potion of curing.
You feel better. You block the killer bee's attack. The killer bee stings you.
* * * LOW HITPOINT WARNING * * *
You are poisoned.
The killer bee poisons you!
The killer bee stings you but does no damage.
The killer bee stings you.
* * * LOW HITPOINT WARNING * * *
You closely miss the killer bee. x2; You feel sick.
You block the killer bee's attack. The killer bee completely misses you.
You block the killer bee's attack. x2
You hit the killer bee.
Your plate armour prevents you from hitting the killer bee.
You feel sick. The killer bee stings you.
* * * LOW HITPOINT WARNING * * *
The killer bee barely misses you.
The killer bee stings you but does no damage.
You block the killer bee's attack. The killer bee stings you.
* * * LOW HITPOINT WARNING * * *
You feel better. You block the killer bee's attack. The killer bee stings you.
* * * LOW HITPOINT WARNING * * *
The killer bee stings you.
* * * LOW HITPOINT WARNING * * *
You block the killer bee's attack.
You barely miss the killer bee.
Your shield and plate armour prevent you from hitting the killer bee.
The killer bee stings you but does no damage. x2
You block the killer bee's attack.
The killer bee stings you but does no damage.
You slash the killer bee!
You kill the killer bee!
You slash the killer bee! You block the killer bee's attack.
The killer bee stings you.
You die...

######.#.####'########.#
# #.#.# #.#........#
######.# #.#.########
.......# #.#.# ########
#.#.### #.#..<# #.#.###
#.#####.####
#.#.@y......
######.#.####.###
..........# #######.#.#
#.### #.. #.# ###


You could see a killer bee.

Vanquished Creatures
  A hippogriff (D:7)
  Sigmund (D:6)
  Duvessa (D:6)
  A water moccasin (D:7)
  An orc warrior (D:7)
  An ice beast (D:7)
  2 ogres
  The ghost of Nebesus the Cudgeler, an amateur GrGl (D:3)
  2 bullfrogs
  Dowan (D:6)
  5 killer bees (D:7)
  2 crimson imps
  A centaur zombie (D:6)
  3 hounds
  2 jellies
  2 orc priests
  3 orc wizards
  Jessica (D:3)
  A centaur skeleton (D:7)
  2 iguanas (D:7)
  A worker ant (D:6)
  A hound zombie (D:7)
  A hound skeleton (D:5)
  A worker ant zombie (D:5)
  3 gnolls (D:3)
  11 adders
  2 shadow imps (D:7)
  An adder zombie (D:3)
  An ooze (D:3)
  2 adder skeletons (D:4)
  3 worms
  8 dart slugs
  3 leopard geckos
  23 orcs
  9 giant cockroaches
  9 goblins
  9 hobgoblins
  6 jackals
  2 quokkas (D:3)
  5 bats
  6 frilled lizards
  11 kobolds
  A leopard gecko skeleton (D:4)
  6 rats
159 creatures vanquished.

Notes
Turn   | Place    | Note
-------+----------+-------------------------------------------
     0 | D:1      | DavidChitty2 the Minotaur Fighter began the quest for the
                  | Orb.
     0 | D:1      | Reached XP level 1. HP: 19/19 MP: 0/0
   127 | D:1      | Reached XP level 2. HP: 27/27 MP: 1/1
   225 | D:1      | Reached skill level 3 in Axes
  1077 | D:2      | Reached XP level 3. HP: 26/33 MP: 2/2
  1644 | D:3      | Noticed Jessica
  1648 | D:3      | Killed Jessica
  1648 | D:3      | Reached skill level 4 in Axes
  1648 | D:3      | Reached XP level 4. HP: 40/40 MP: 3/3
  1837 | D:3      | Reached XP level 5. HP: 18/47 MP: 4/4
  2382 | D:3      | Found a sparkling altar of Nemelex Xobeh.
  2616 | D:3      | Found a runed translucent door.
  2620 | D:3      | Noticed Nebesus's ghost (amateur GrGl)
  2643 | D:3      | Killed Nebesus's ghost
  2643 | D:3      | Reached skill level 5 in Axes
  2643 | D:3      | Reached XP level 6. HP: 52/55 MP: 5/5
  3008 | D:4      | Found Nolokel's Antique Armour Emporium.
  3013 | D:4      | Bought a pair of embroidered boots for 172 gold pieces
  3124 | D:4      | Reached skill level 5 in Fighting
  3124 | D:4      | Reached skill level 5 in Armour
  3124 | D:4      | Reached skill level 5 in Shields
  3617 | D:4      | Reached skill level 6 in Axes
  3901 | D:5      | Entered Level 5 of the Dungeon
  3923 | D:5      | Reached XP level 7. HP: 59/61 MP: 6/6
  4577 | D:6      | Found an ornate altar of the Wu Jian Council.
  4577 | D:6      | Found a hide-covered altar of Uskayaw.
  4656 | D:6      | Reached skill level 7 in Axes
  4668 | D:6      | Found a basalt altar of Yredelemnul.
  4675 | D:6      | Found a glowing golden altar of the Shining One.
  4745 | D:6      | Found a staircase to the Ecumenical Temple.
  4752 | D:6      | Noticed Dowan
  4755 | D:6      | Noticed Duvessa
  4760 | D:6      | Killed Dowan
  4775 | D:6      | Killed Duvessa
  4775 | D:6      | Reached XP level 8. HP: 34/70 MP: 7/7
  4797 | Temple   | Entered the Ecumenical Temple
  5233 | D:6      | Noticed Sigmund
  5241 | D:6      | Killed Sigmund
  5313 | D:6      | Found a hazy altar of Hepliaklqana.
  5315 | D:6      | Found a burning altar of Makhleb.
  5316 | D:6      | Found a blossoming altar of Fedhas.
  5363 | D:6      | Reached skill level 8 in Axes
  5428 | D:6      | Found a radiant altar of Vehumet.
  5601 | D:6      | Noticed an angel
  5796 | D:7      | Noticed a hippogriff
  5805 | D:7      | Reached skill level 9 in Axes
  5806 | D:7      | Killed a hippogriff
  5948 | D:7      | Reached XP level 9. HP: 79/79 MP: 8/8
  5960 | D:7      | Found a sparkling altar of Nemelex Xobeh.
  6213 | D:7      | Got an ichor-stained falchion
  6230 | D:7      | Identified the +6 falchion of Cesudghas {freeze, rN+} (You
                  | found it on level 7 of the Dungeon)
  6443 | D:7      | Slain by a killer bee

Levels and vault maps discovered:
D:1:      dpeg_arrival_tiny_j, layout_basic
D:2:      minmay_chambers_of_twos, layout_basic
D:3:      layout_basic, gammafunk_ghost_grave, minivault_4,
          nemelex_xobeh_ov_fountains_minmay, uniq_jessica
D:4:      layout_cave_pods, serial_shops, kennysheep_little_box,
          serial_bayou_crossing
D:5:      layout_loops_ring, first_ration, fountainhead
D:6:      layout_loops_corners, grunt_temple_overflow_holy_war,
          chequers_temple_overflow_statue_of_worship, kennysheep_mini_moat,
          amethyst_overflow_temple_binary, minmay_temple_entry_waves,
          minmay_checkerbox, uniq_duvessa, uniq_sigmund
D:7:      layout_basic, nemelex_diamond_rough_becter
Temple:   dpeg_three_leaves_temple

Skill      XL: |  1  2  3  4  5  6  7  8 |
---------------+-------------------------+-----
Axes           | 3 4 5 6 7 9 |  9.5
Armour         | 4 5 6 7 |  7.4
Fighting       | 4 5 6 7 |  7.4
Shields        | 4 5 6 7 |  7.4

Action                   |  1- 3 |  4- 6 |  7- 9 || total
-------------------------+-------+-------+-------++-------
Melee: War axe           |    73 |   174 |   188 ||   435
       Headbutt          |    16 |    20 |    34 ||    70
  Use: Scroll            |       |    11 |     5 ||    16
       Potion            |       |       |     2 ||     2
  Eat: Chunk             |     2 |     7 |     8 ||    17
Armor: Scale mail        |    34 |    18 |       ||    52
       Chain mail        |       |    85 |    33 ||   118
       Plate armour      |       |       |    67 ||    67
Dodge: Dodged            |    27 |    39 |    51 ||   117
Block: Shield            |    44 |    98 |   131 ||   273
